 Dungeon Crawl Stone Soup version 0.31-a0-986-g5e6e4ef867 (webtiles) character file.

Game seed: 1310011271056498322

108 chakani the Chopper (level 4, -3/33 HPs)
             Began as a Demonspawn Gladiator on Nov 10, 2023.
             Slain by an orc
             ... wielding a +0 war axe
              (5 damage)
             ... on level 3 of the Dungeon.
             The game lasted 00:01:41 (1719 turns).

chakani the Chopper (Demonspawn Gladiator)          Turns: 1719, Time: 00:01:42

Health: -3/33      AC:  5    Str: 17    XL:     4   Next: 58%
Magic:  4/4        EV: 12    Int:  9    God:
Gold:   94         SH:  0    Dex: 14    Spells: 3/3 levels left

rFire   . . .        a - +0 war axe
rCold   . . .        (no shield)
rNeg    . . .        b - +0 leather armour
rPois   .            c - +0 helmet
rElec   .            i - +0 cloak
rCorr   .            (no gloves)
SInv    .            (no boots)
Will    .....        (no amulet)
Stlth   +            (no ring)
HPRegen 0.25/turn    (no ring)
MPRegen 0.09/turn

%: no passive effects
@: lethally poisoned (-3 -> -6)
A: demonic guardian 2, weakness stinger 1
a: no special abilities


You were on level 3 of the Dungeon.
You visited 1 branch of the dungeon, and saw 3 of its levels.

You collected 94 gold pieces.

Inventory:

Hand Weapons
 a - a +0 war axe (weapon)
Missiles
 d - 3 throwing nets (quivered)
 e - a javelin
Armour
 b - a +0 leather armour (worn)
 c - a +0 helmet (worn)
 i - a +0 cloak (worn)
Jewellery
 k - a ring of magical power
Scrolls
 f - a scroll of fear {unknown}
 h - a scroll of immolation {unknown}
 j - a scroll of identify {unknown}
 l - a scroll of teleportation {unknown}
Potions
 g - a potion of cancellation {unknown}
 m - a potion of ambrosia {unknown}


   Skills:
 - Level 2.1 Fighting
 + Level 4.8 Axes
 - Level 1.9 Throwing
 - Level 2.7 Dodging


You had 3 spell levels left.
You didn't know any spells.
Your spell library was empty.

Dungeon Overview and Level Annotations

Branches:
Dungeon (3/15)

Altars:


Innate Abilities, Weirdness & Mutations

A demonic guardian rushes to your aid.
You have a small tail.


Message History

No target in view!
No target in view!
No target in view!
No target in view!
A scorpion comes into view.
A scorpion is nearby!
A scorpion is nearby!
An orc comes into view. It is wielding a +0 war axe.
Found 13 gold pieces.
The orc shouts!
You hear a shout!
A rat comes into view.
You hear a shout!
An orc wizard and an orc come into view.
The orc wizard shouts!
The orc shouts!
An orc priest comes into view. It is wielding a +0 dagger.
The scorpion stings you.
You are poisoned.
The scorpion poisons you!
The orc priest calls down the wrath of Beogh upon you.
Beogh smites you!
A demonic guardian appears!
You hit the scorpion. You tail-slap the scorpion.
The scorpion is moderately wounded.
You feel very sick. The scorpion stings you.
* * * LOW HITPOINT WARNING * * *
The scorpion completely misses you. The orc hits you with a +0 war axe.
* * * LOW HITPOINT WARNING * * *
The orc hits your rust devil with a +0 war axe.
The rat bites your rust devil but does no damage.
* * * LOW HITPOINT WARNING * * *
You feel sick.
Your rust devil hits the scorpion.
Your rust devil corrodes the scorpion!
The orc wizard mumbles some strange words.
The orc wizard flickers and vanishes!
Deactivating autopickup; reactivate with Ctrl-A.
Unknown command.
* * * LOW HITPOINT WARNING * * *
You feel sick. The orc attacks as it pursues you!
The orc hits you with a +0 war axe.
You die...

####.# ###.
#....# #.
#.#### #.
###.# #. #...#
#. #.### #.
#.# .^ #.#
###@#########
#..os4r.....#
#.#.........#
...#.........#
..#
#.........#
#..
.{o........#
#.
#o#.......$..
#
#.$.........#
......#.##.##


You could see a scorpion (corroded, ally target), 2 orcs, a rat and a friendly
rust devil (summoned).

Vanquished Creatures
  A gnoll (D:1)
  3 adders
  A dart slug (D:2)
  5 ball pythons
  4 endoplasms
  4 giant cockroaches
  4 goblins
  6 hobgoblins
  2 kobolds
  A quokka (D:2)
  3 bats
  2 frilled lizards
  4 rats
40 creatures vanquished.

Vanquished Creatures (collateral kills)
  Terence (D:2)
  A ball python (D:3)
2 creatures vanquished.

Grand Total: 42 creatures vanquished

Notes
Turn   | Place    | Note
-------+----------+-------------------------------------------
     0 | D:1      | chakani the Demonspawn Gladiator began the quest for the
                  | Orb.
     0 | D:1      | Reached XP level 1. HP: 16/16 MP: 1/1
   266 | D:1      | Reached skill level 3 in Axes
   266 | D:1      | Gained mutation: You have a small tail. [demonic ancestry]
   266 | D:1      | Reached XP level 2. HP: 22/22 MP: 2/2
   672 | D:1      | Gained mutation: A weak demonic guardian rushes to your
                  | aid. [demonic ancestry]
   672 | D:1      | Reached XP level 3. HP: 27/27 MP: 3/3
  1171 | D:2      | Reached skill level 4 in Axes
  1393 | D:2      | Noticed Terence
  1402 | D:2      | Killed Terence
  1403 | D:2      | Gained mutation: A demonic guardian rushes to your aid.
                  | [demonic ancestry]
  1403 | D:2      | Reached XP level 4. HP: 26/33 MP: 4/4
  1713 | D:3      | Noticed a scorpion
  1719 | D:3      | Slain by an orc

Illustrated notes

Levels and vault maps discovered:
D:1:      minmay_arrival_cross, layout_basic
D:2:      layout_basic, uniq_terence
D:3:      layout_basic, serial_shops, shop, amcnicky_mini_pool_small,
          kennysheep_minor_cross, minivault_25, grunt_ministairs_2

Skill      XL: |  1  2  3 |
---------------+----------+-----
Axes           | 3 4 |  4.8
Fighting       | |  2.1
Throwing       | |  1.9
Dodging        | |  2.7

Action                     |  1- 3 |  4- 6 || total
---------------------------+-------+-------++-------
  Melee: War axe           |    93 |    13 ||   106
         Punch             |     1 |       ||     1
         Tailslap          |     9 |     1 ||    10
   Stab: Sleeping          |     1 |       ||     1
 Armour: Leather armour    |    56 |    13 ||    69
  Dodge: Dodged            |    70 |     3 ||    73

Table legend: (Time is in decaauts)
 A = Elapsed time spent in this place.
 B = Non-inter-level travel time spent in this place.
 C = Inter-level travel time spent in this place.
 D = Time resting spent in this place.
 E = Time spent auto-exploring this place.
 F = Levels seen in this place.
 G = Mean time per level.
                   A        B        C        D        E       F      G
               +--------+--------+--------+--------+--------+-----+--------+
         Total |   1753 |   1685 |     68 |    175 |   1194 |   3 |  584.3 |
       Dungeon |   1753 |   1685 |     68 |    175 |   1194 |   3 |  584.3 |
               +--------+--------+--------+--------+--------+-----+--------+

Top non-repeatable levels by time:
     D:2: 898 daAuts
     D:1: 711 daAuts
     D:3: 142 daAuts
